 Dungeon Crawl Stone Soup version 0.30-a0-881-g1ff12e1 (webtiles) character file.

Game seed: 11979576333411597349

413 Nithhogg the Chopper (level 6, 0/56 HPs)
             Began as a Hill Orc Fighter on Mar 14, 2023.
             Slain by a killer bee (5 damage)
             ... on level 5 of the Dungeon.
             The game lasted 00:07:34 (3881 turns).

Nithhogg the Chopper (Hill Orc Fighter)             Turns: 3881, Time: 00:07:35

Health: 0/56       AC:  1    Str: 21    XL:     6   Next: 90%
Magic:  6/6        EV:  9    Int:  8    God:
Gold:   231        SH:  0    Dex: 10    Spells: 5/5 levels left

rFire   . . .      SeeInvis .    a - +0 war axe (vamp)
rCold   . . .      Faith    .    (no shield)
rNeg    . . .      Spirit   .    b - +0 scale mail
rPois   .          Reflect  .    (no helmet)
rElec   .          Rampage  .    (no cloak)
rCorr   .                        (no gloves)
Will    .....                    f - +1 pair of boots Stlth
                                 (no amulet)
HPRegen 0.29/turn                (no ring)
MPRegen 0.10/turn                (no ring)

@: mighty, lethally poisoned (0 -> -7), corroded
A: no striking features
a: no special abilities


You were on level 5 of the Dungeon.
You visited 1 branch of the dungeon, and saw 5 of its levels.

You collected 231 gold pieces.

Inventory:

Hand Weapons
 a - a +0 vampiric war axe (weapon)
Armour
 b - a +0 scale mail (worn)
 c - a +0 buckler
 f - a +1 pair of boots (worn)
Jewellery
 j - a ring of willpower
Scrolls
 g - 3 scrolls of identify
 l - a scroll of blinking {unknown}
Potions
 e - a potion of curing
 h - a potion of attraction
 k - a potion of berserk rage {unknown}
 n - 2 potions of heal wounds


   Skills:
 + Level 5.4 Fighting
 * Level 6.9 Axes
 + Level 5.0 Armour
 - Level 3.2 Shields


You had 5 spell levels left.
You didn't know any spells.
Your spell library was empty.

Dungeon Overview and Level Annotations

Branches:
Dungeon (5/15)
 Temple: D:4-7

Altars:
Sif Muna
Uskayaw
Wu Jian


Message History

You slash the mummy!
The howler monkey hoots and howls with incredible vigour!
The mummy hits you. The howler monkey barely misses you.
You hear a shout!
You hit the mummy but do no damage.
The mummy is heavily damaged.
You hit the howler monkey but do no damage.
The howler monkey hits you! The mummy hits you!
* * * LOW HITPOINT WARNING * * *
Okay, then.
As you read the scroll of butterflies, it crumbles to dust.
You hear the flapping of tiny wings.
The worm is knocked back by the sudden gust.
The mummy is knocked back by the sudden gust.
The howler monkey is knocked back by the sudden gust.
The howler monkey misses your butterfly.
You swap places.
The howler monkey hits your butterfly.
Your butterfly dies!
Your butterfly disappears in a burst of colours!
There are monsters nearby!
You swap places.
The mummy hits your butterfly!!
Your butterfly dies!
Your butterfly disappears in a burst of colours!
You swap places.
Found 14 gold pieces.
A killer bee comes into view.
The howler monkey closely misses your butterfly.
A killer bee comes into view.
Found a pair of boots.
The killer bee buzzes angrily.
You feel very mighty all of a sudden. The killer bee closely misses you.
The killer bee stings you!
* * * LOW HITPOINT WARNING * * *
You feel better. The killer bee stings you.
* * * LOW HITPOINT WARNING * * *
The killer bee stings you.
* * * LOW HITPOINT WARNING * * *
You are lethally poisoned!
The killer bee poisons you! The killer bee stings you.
You die...

##.....###'###b###'###.
#....b..##b##b..#
.....b.bb.###..y..# .
##......#..#...b...#..
......#..b.b###+###...
.###.####....## .... #.
##.bh.## ..##.# #.
####by#.[# .# ##@y..#
##$#..... ## #... ##


You could see a howler monkey and 2 killer bees.

Vanquished Creatures
  A black bear (D:4)
  A scorpion (D:4)
  A jelly (D:4)
  An iguana (D:5)
  Natasha (thrice) (D:4)
  4 adders
  5 worms
  4 dart slugs
  3 orcs (D:3)
  3 endoplasms
  A giant cockroach (D:2)
  10 goblins
  5 hobgoblins
  8 jackals
  5 kobolds
  3 quokkas
  7 ball pythons
  5 bats
  2 frilled lizards (D:1)
  An orc zombie (D:5)
  11 rats
84 creatures vanquished.

Notes
Turn   | Place    | Note
-------+----------+-------------------------------------------
     0 | D:1      | Nithhogg the Hill Orc Fighter began the quest for the Orb.
     0 | D:1      | Reached XP level 1. HP: 19/19 MP: 1/1
   144 | D:1      | Reached skill level 3 in Axes
   219 | D:1      | Reached XP level 2. HP: 23/27 MP: 2/2
   673 | D:1      | Found a faded altar of an unknown god.
   929 | D:2      | Reached XP level 3. HP: 21/33 MP: 3/3
  1023 | D:2      | Reached skill level 4 in Axes
  1401 | D:2      | Reached XP level 4. HP: 34/40 MP: 4/4
  1890 | D:3      | Reached skill level 5 in Axes
  2048 | D:3      | Found a hide-covered altar of Uskayaw.
  2236 | D:3      | Found an ornate altar of the Wu Jian Council.
  2419 | D:3      | Reached XP level 5. HP: 44/47 MP: 5/5
  3099 | D:4      | Noticed Natasha
  3104 | D:4      | Killed Natasha
  3198 | D:4      | Noticed Natasha
  3211 | D:4      | Killed Natasha
  3212 | D:4      | Reached skill level 5 in Fighting
  3212 | D:4      | Reached skill level 6 in Axes
  3212 | D:4      | Reached XP level 6. HP: 37/56 MP: 6/6
  3390 | D:4      | Noticed a black bear
  3399 | D:4      | Killed a black bear
  3408 | D:4      | Noticed Natasha
  3414 | D:4      | Killed Natasha
  3564 | D:4      | Found a shimmering blue altar of Sif Muna.
  3655 | D:5      | Entered Level 5 of the Dungeon
  3859 | D:4      | Reached skill level 5 in Armour
  3881 | D:5      | Slain by a killer bee

Illustrated notes

Levels and vault maps discovered:
D:1:      psy_arrival_terrarium, layout_basic,
          hellmonk_ecumenical_altar_inner_sanctum
D:2:      layout_basic
D:3:      cheibrodos_greedy_goblins, layout_basic, lemuel_tele_altar,
          nicolae_uskayaw_suspiria
D:4:      layout_cave_pods, led_sif_pool, uniq_natasha
D:5:      layout_loops_ring, serial_shops, nicolae_shop_waterfront,
          nicolae_ossuary_entry_giza, nicolae_nh_ransacked_shop, uniq_pikel

Skill      XL: |  1  2  3  4  5  6 |
---------------+-------------------+-----
Axes           | 3 4 5 6 |  6.9
Fighting       | 4 5 |  5.4
Armour         | 4 5 |  5.0
Shields        | |  3.2

Action                     |  1- 3 |  4- 6 || total
---------------------------+-------+-------++-------
  Melee: War axe           |    85 |   144 ||   229
         Punch             |     1 |     3 ||     4
    Use: Potion            |     1 |     3 ||     4
         Scroll            |       |    12 ||    12
 Armour: Scale mail        |    49 |    66 ||   115
  Dodge: Dodged            |    46 |    85 ||   131

Table legend: (Time is in decaauts)
 A = Elapsed time spent in this place.
 B = Non-inter-level travel time spent in this place.
 C = Inter-level travel time spent in this place.
 D = Time resting spent in this place.
 E = Time spent auto-exploring this place.
 F = Levels seen in this place.
 G = Mean time per level.
                   A        B        C        D        E       F      G
               +--------+--------+--------+--------+--------+-----+--------+
         Total |   3941 |   3829 |    112 |    162 |   3068 |   5 |  788.2 |
       Dungeon |   3941 |   3829 |    112 |    162 |   3068 |   5 |  788.2 |
               +--------+--------+--------+--------+--------+-----+--------+

Top non-repeatable levels by time:
     D:3: 1320 daAuts
     D:1: 906 daAuts
     D:4: 876 daAuts
     D:2: 789 daAuts
     D:5: 49 daAuts
